 Dungeon Crawl Stone Soup version 0.25-a0-248-g18654cfe15 (webtiles) character file.

Game seed: 4868260484945840708, levelgen mode: deterministic

68749 RedPan the Brawler (level 15, -9/121 HPs)
             Began as a Ghoul Monk on Dec 4, 2019.
             Was a High Priest of Okawaru.
             Mangled by a two-headed ogre
             ... wielding a +0 giant spiked club
              (10 damage)
             ... while paralysed by an ogre mage
             ... on level 2 of the Orcish Mines.
             The game lasted 00:56:23 (18868 turns).

RedPan the Brawler (Ghoul Monk)                    Turns: 18868, Time: 00:56:25

Health: -9/121     AC: 25    Str: 18    XL:     15   Next: 27%
Magic:  20/20      EV:  2    Int:  5    God:    Okawaru [*****.]
Gold:   1359       SH:  0    Dex: 18    Spells: 14/14 levels left

rFire    + + .     SeeInvis +     - Unarmed
rCold    + + .     Gourm    .   O - +0 buckler
rNeg     + + +     Faith    .   j - +3 plate armour {ponderous}
rPois    ∞         Spirit   .   H - +2 hat of Happiness {rF+}
rElec    .         Reflect  .   J - scarf {rC+ rF+}
rCorr    +         Harm     .   t - +2 pair of gloves {Dex+3}
MR       +....                  s - +0 pair of boots
Stlth    ..........             I - amulet of the acrobat
HPRegen  0.00/turn              r - ring of resist corrosion
MPRegen  0.17/turn              A - ring of see invisible

@: paralysed, rotting, slowed, slow
A: rotting body, claws 1, carnivore, cold resistance 1, negative energy
resistance 3, inhibited regeneration, torment resistance, unbreathing
a: Heroism, Finesse, Renounce Religion


You were on level 2 of the Orcish Mines.
You worshipped Okawaru.
Okawaru was extremely pleased with you.
You were not hungry.

You visited 3 branches of the dungeon, and saw 19 of its levels.

You collected 1555 gold pieces.
You spent 196 gold pieces at shops.

Inventory:

Missiles
 i - 2 silver javelins (quivered)
 G - 295 stones
Armour
 j - a +3 plate armour of ponderousness (worn)
 s - a +0 pair of boots (worn)
 t - a +2 pair of gloves of dexterity (worn)
 D - a +2 cloak of invisibility
 F - a +1 hat of magic resistance
 H - the +2 hat of Happiness (worn) {rF+}
   (Okawaru gifted it to you on level 6 of the Lair of Beasts)

   It protects you from fire.
 J - a scarf of resistance (worn)
 O - a +0 buckler (worn)
 R - a scarf of repulsion
Jewellery
 a - an uncursed ring of ice
 r - a ring of resist corrosion (left hand)
 A - a ring of see invisible (right hand)
 I - an amulet of the acrobat (around neck)
Wands
 o - a wand of polymorph (8)
 q - a wand of random effects (149)
 u - a wand of iceblast (23)
 w - a wand of acid (10)
 x - a wand of scattershot (13)
 E - a wand of paralysis (11)
 S - a wand of flame (5)
Scrolls
 c - 2 scrolls of fear
 e - 12 scrolls of remove curse
 p - 5 scrolls of amnesia
 y - 4 scrolls of enchant weapon
 B - 4 scrolls of blinking
 C - 5 scrolls of teleportation
 K - 2 scrolls of fog
 L - a scroll of magic mapping
 M - a scroll of silence
 Q - a scroll of identify
 T - a scroll of random uselessness {unknown}
Potions
 f - 4 potions of might
 g - 4 potions of heal wounds
 h - a potion of cancellation
 k - 14 potions of curing
 l - 3 potions of magic
 m - 2 potions of ambrosia
 n - 2 potions of brilliance
 v - 5 potions of haste
 z - 3 potions of agility
 N - a potion of flight
 P - a potion of berserk rage {unknown}
Comestibles
 b - 41 rations
 d - 23 chunks of flesh


   Skills:
 - Level 8.0 Fighting
 - Level 11.5 Armour
 - Level 12.0 Dodging
 - Level 2.2 Stealth
 + Level 5.4 Shields
 + Level 17.0 Unarmed Combat
 - Level 8.0 Invocations


You had 14 spell levels left.
You didn't know any spells.
Your spell library contained the following spells:

 Spells                   Type           Power        Failure   Level  Hunger
 Animate Skeleton         Necr           N/A          100%        1    ##.....
 Foxfire                  Conj/Fire      #...         100%        1    ##.....
 Infusion                 Chrm           #...         100%        1    ##.....
 Magic Dart               Conj           #...         100%        1    ##.....
 Pain                     Necr           #...         100%        1    ##.....
 Sandblast                Erth           #.....       100%        1    ##.....
 Shock                    Conj/Air       #...         100%        1    ##.....
 Sting                    Tmut/Pois      #...         100%        1    ##.....
 Blink                    Tloc           N/A          100%        2    ###....
 Call Imp                 Summ           #.......     100%        2    ###....
 Passwall                 Tmut/Erth      #.......     100%        2    ###....
 Poisonous Vapours        Pois/Air       #.....       100%        2    ###....
 Shroud of Golubria       Chrm/Tloc      #.....       100%        2    ###....
 Slow                     Hex            #.......     100%        2    ###....
 Song of Slaying          Chrm           #.......     100%        2    ###....
 Sticks to Snakes         Tmut           #.......     100%        2    ###....
 Swiftness                Chrm/Air       #.......     100%        2    ###....
 Conjure Flame            Conj/Fire      #.......     100%        3    ####...
 Ignite Poison            Fire/Tmut/Pois #.......     100%        3    ####...
 Mephitic Cloud           Conj/Pois/Air  #.......     100%        3    ####...
 Regeneration             Chrm/Necr      #.........   100%        3    ####...
 Spectral Weapon          Hex/Chrm       #.......     100%        3    ####...
 Static Discharge         Conj/Air       #.......     100%        3    ####...
 Stone Arrow              Conj/Erth      #.....       100%        3    ####...
 Vampiric Draining        Necr           #.........   100%        3    ####...
 Airstrike                Air            #.........   100%        4    #####..
 Animate Dead             Necr           N/A          100%        4    #####..
 Cause Fear               Hex            #.........   100%        4    #####..
 Olgreb's Toxic Radiance  Pois           #.......     100%        4    #####..
 Petrify                  Tmut/Erth      #.......     100%        4    #####..
 Lee's Rapid Deconstruct  Erth           #.........   100%        5    ######.
 Lightning Bolt           Conj/Air       #.........   100%        5    ######.
 Dragon's Call            Summ           #.........   100%        9    #######
 Beastly Appendage        Tmut           Unusable     N/A         1    N/A
 Spider Form              Tmut/Pois      Unusable     N/A         3    N/A
 Ice Form                 Ice/Tmut       Unusable     N/A         4    N/A
 Blade Hands              Tmut           Unusable     N/A         5    N/A
 Dragon Form              Tmut           Unusable     N/A         7    N/A

Dungeon Overview and Level Annotations

Branches:
Dungeon (11/15)              Lair (6/6) D:10         Shoals (0/4) Lair:3
 Spider (0/4) Lair:4        Slime (0/5) Lair:5          Orc (2/2) D:11
    Elf (0/3) Orc:2
 Temple: D:4-7

Altars:
Ashenzari
Cheibriados
Fedhas
Gozag
Kikubaaqudgha
Makhleb
Okawaru
Qazlal
Trog
Uskayaw
Vehumet
Wu Jian
Xom

Shops:
D:5 (   D:6 !   D:7 %   D:11 *

Annotations:
D:8 1 runed translucent door, Armakuni's ghost, novice HuFE


Innate Abilities, Weirdness & Mutations

Your body is rotting away.
You thrive on raw meat.
You are immune to poison.
You have sharp fingernails.
You are carnivorous and can eat meat at any time.
Your flesh is cold resistant. (rC+)
You are immune to negative energy. (rN+++)
You do not regenerate when monsters are visible.
You are immune to unholy pain and torment.
You can survive without breathing.


Message History

The two-headed ogre hits you with a +0 giant club!
The two-headed ogre hits you with a +0 giant spiked club!!
The two-headed ogre hits you with a +0 giant club!
* * * LOW HITPOINT WARNING * * *
The two-headed ogre hits you with a +0 giant club!
* * * LOW HITPOINT WARNING * * *
The two-headed ogre hits you with a +0 giant club.
* * * LOW HITPOINT WARNING * * *
The two-headed ogre hits you with a +0 giant spiked club!
* * * LOW HITPOINT WARNING * * *
The two-headed ogre hits you but does no damage.
The ogre mage casts a spell at you.
You feel yourself slow down.
The two-headed ogre barely misses you. x2
The ogre mage mumbles some strange words.
The ogre mage seems to speed up.
The orc sorcerer points at you and mumbles some strange words.
You shrug off the repeated paralysis!
The two-headed ogre hits you with a +0 giant spiked club!
You die...

............))..<....
......................<
.......................
.......................
##.....................
.......................
.^....<....$...........
.....OOO......$........
......O@...........
.#..$...÷..........
##................
#.o......#........
..........#.#.#....
.............$.....
#..>.............$
#......#.........
.....#.#....


You could see 3 two-headed ogres, an ogre mage and an orc sorcerer.

Vanquished Creatures
  Gastronok (Lair:1)
  Nessos (Lair:4)
  Fannar (D:11)
  Josephine (D:11)
  4 hydras
  Erica (D:11)
  2 two-headed ogres
  21 death yaks
  A fire crab (Lair:5)
  Pikel (D:3)
  A lindwurm (Lair:5)
  An orc knight (Orc:1)
  An orc sorcerer (Orc:1)
  A merfolk siren (Lair:3)
  3 elephants (Lair:6)
  5 black mambas
  A torpor snail (Lair:6)
  7 spiny frogs
  A rime drake (Lair:6)
  11 komodo dragons
  4 polar bears (Lair:6)
  A queen bee (D:9)
  3 trolls
  8 hornets (Lair:6)
  Prince Ribbit (D:7)
  14 blink frogs
  6 dream sheep
  11 hippogriffs
  A vampire (D:9)
  16 spriggans
  4 wraiths (D:11)
  A shadow (D:11)
  33 yaks
  A basilisk (Lair:4)
  2 hungry ghosts (D:11)
  Grum (D:8)
  2 wargs (Orc:1)
  3 two-headed ogre zombies (D:11)
  13 porcupines
  11 water moccasins
  Duvessa (D:7)
  3 ice beasts
  5 black bears
  2 sky beasts
  7 orc warriors
  5 phantoms
  A necrophage (D:10)
  5 ogres
  3 boggarts (Lair:6)
  13 crocodiles
  63 wolves
  7 centaurs
  A big kobold (D:10)
  14 bullfrogs
  A wyvern skeleton (D:10)
  Dowan (D:7)
  9 scorpions
  25 killer bees (D:9)
  An electric eel (Lair:5)
  2 crimson imps
  A bullfrog zombie (D:5)
  2 centaur zombies
  A quasit (D:10)
  13 orc priests
  4 hounds
  11 jellies
  20 orc wizards
  A centaur skeleton (D:6)
  A bullfrog skeleton (D:10)
  5 worker ants
  2 iguanas
  A killer bee zombie (D:3)
  5 ogre zombies (D:11)
  A hound zombie (D:10)
  A hound skeleton (D:10)
  A mummy (D:9)
  5 worker ant zombies
  A howler monkey zombie (D:6)
  11 adders
  6 gnolls
  3 oozes (Lair:5)
  An adder zombie (D:6)
  8 worms
  3 dart slugs
  6 leopard geckos
  54 orcs
  7 giant cockroaches
  9 goblins
  9 hobgoblins
  4 jackals (D:4)
  9 quokkas
  17 bats
  4 frilled lizards
  2 goblin skeletons (D:11)
  3 goblin zombies (D:11)
  3 hobgoblin zombies (D:11)
  16 kobolds
  A leopard gecko zombie (D:5)
  6 orc skeletons (D:11)
  11 orc zombies (D:11)
  A quokka zombie (D:8)
  8 rats
649 creatures vanquished.

Vanquished Creatures (others)
  A human (D:4)
  An adder (D:4)
  An orc (D:4)
  2 butterflies (D:4)
  5 fungi
  6 plants
16 creatures vanquished.

Grand Total: 665 creatures vanquished

Notes
Turn   | Place    | Note
-------+----------+-------------------------------------------
     0 | D:1      | RedPan the Ghoul Monk began the quest for the Orb.
     0 | D:1      | Reached XP level 1. HP: 19/19 MP: 0/0
   170 | D:1      | Reached XP level 2. HP: 26/26 MP: 1/1
   204 | D:1      | Reached skill level 4 in Unarmed Combat
   336 | D:1      | Reached XP level 3. HP: 25/31 MP: 2/2
   933 | D:2      | Found a blossoming altar of Fedhas.
   940 | D:2      | Reached skill level 5 in Unarmed Combat
  1172 | D:2      | Reached XP level 4. HP: 33/38 MP: 3/3
  1340 | D:2      | Noticed a moth of wrath
  1342 | D:2      | Found a bloodstained altar of Trog.
  2120 | D:3      | Reached skill level 6 in Unarmed Combat
  2120 | D:3      | Reached XP level 5. HP: 34/45 MP: 4/4
  2275 | D:3      | Found a shattered altar of Ashenzari.
  2974 | D:4      | Noticed a phantom
  3010 | D:3      | Reached skill level 7 in Unarmed Combat
  3136 | D:4      | Reached XP level 6. HP: 51/51 MP: 5/5
  3182 | D:3      | Killed a phantom
  3330 | D:4      | Noticed Pikel
  3330 | D:4      | Noticed a slave
  3335 | D:4      | Noticed a slave
  3337 | D:4      | Noticed a slave
  3338 | D:4      | Noticed a slave
  3360 | D:3      | Killed Pikel
  3360 | D:3      | Reached skill level 9 in Unarmed Combat
  3360 | D:3      | Reached XP level 7. HP: 47/56 MP: 6/6
  3372 | D:4      | Reached skill level 10 in Unarmed Combat
  3477 | D:4      | Reached XP level 8. HP: 39/63 MP: 7/7
  3652 | D:4      | Found a shimmering altar of Xom.
  3705 | D:4      | Reached skill level 1 in Armour
  3829 | D:4      | Found an ancient bone altar of Kikubaaqudgha.
  3875 | D:5      | Entered Level 5 of the Dungeon
  3941 | D:5      | Found Duzeboh's Weapon Emporium.
  4019 | D:5      | Found a hide-covered altar of Uskayaw.
  4452 | D:6      | Found an iron altar of Okawaru.
  4460 | D:6      | Became a worshipper of Warmaster Okawaru
  4460 | D:6      | Reached * piety under Okawaru
  4460 | D:6      | Reached ** piety under Okawaru
  4567 | D:6      | Reached skill level 1 in Invocations
  4698 | D:6      | Reached XP level 9. HP: 23/73 MP: 5/9
  4702 | D:6      | Reached skill level 5 in Fighting
  5300 | D:6      | Found an ancient bone altar of Kikubaaqudgha.
  5300 | D:6      | Found an ornate altar of the Wu Jian Council.
  5301 | D:6      | Found a radiant altar of Vehumet.
  5427 | D:6      | Found a stormy altar of Qazlal.
  5442 | D:6      | Found Recrit Afokk's Distillery.
  5455 | D:6      | Bought a potion of haste for 140 gold pieces
  5455 | D:6      | Bought a potion of might for 56 gold pieces
  5679 | D:7      | Reached skill level 11 in Unarmed Combat
  5696 | D:7      | Found Utocsyur's Food Shoppe.
  5754 | D:7      | Noticed Dowan
  5760 | D:7      | Noticed Duvessa
  5762 | D:7      | Killed Dowan
  5775 | D:7      | Killed Duvessa
  5775 | D:7      | Reached skill level 5 in Dodging
  6049 | D:7      | Noticed Prince Ribbit
  6095 | D:7      | Killed Prince Ribbit
  6095 | D:7      | Reached *** piety under Okawaru
  6742 | D:8      | Found a runed translucent door.
  6742 | D:8      | Found a shimmering altar of Xom.
  6742 | D:8      | Noticed a +2 falchion of chaos
  6742 | D:8      | Noticed Armakuni's ghost (novice HuFE)
  6750 | D:8      | Noticed Grum
  6756 | D:8      | Reached XP level 10. HP: 62/81 MP: 9/12
  6780 | D:8      | Killed Grum
  6796 | D:8      | Reached skill level 5 in Invocations
  7208 | D:8      | Noticed a two-headed ogre
  7218 | D:8      | Killed a two-headed ogre
  7218 | D:8      | Reached **** piety under Okawaru
  7218 | D:8      | Reached skill level 5 in Armour
  7735 | D:9      | Found a snail-covered altar of Cheibriados.
  7923 | D:9      | Received a gift from Okawaru
  7938 | D:9      | Reached skill level 12 in Unarmed Combat
  8057 | D:9      | Reached XP level 11. HP: 72/86 MP: 11/15
  8297 | D:9      | Found Offu's Antique Weapon Boutique.
  8483 | D:10     | Entered Level 10 of the Dungeon
  8499 | D:9      | Reached ***** piety under Okawaru
  8726 | D:9      | Received a gift from Okawaru
  8771 | D:10     | Found a staircase to the Lair.
  8854 | D:10     | Received a gift from Okawaru
  9839 | D:11     | Noticed Fannar
  9872 | D:11     | Killed Fannar
  9872 | D:11     | Reached skill level 13 in Unarmed Combat
 10028 | D:11     | Found a staircase to the Orcish Mines.
 10054 | D:11     | Reached XP level 12. HP: 66/95 MP: 15/17
 10192 | D:11     | Noticed Erica
 10204 | D:11     | Killed Erica
 10269 | D:11     | Noticed Josephine
 10290 | D:11     | Killed Josephine
 10404 | D:11     | Found Gozag's Platinum Reserve.
 10404 | D:11     | Found an opulent altar of Gozag.
 10607 | D:11     | Received a gift from Okawaru
 11020 | Lair:1   | Entered Level 1 of the Lair of Beasts
 11094 | Lair:1   | Noticed Gastronok
 11121 | Lair:1   | Killed Gastronok
 11121 | Lair:1   | Reached ****** piety under Okawaru
 11263 | Lair:1   | Noticed an eight-headed hydra
 11275 | Lair:1   | Killed an eight-headed hydra
 11754 | Lair:1   | Got a fine leather armour
 11765 | Lair:1   | Identified the cursed +0 leather armour of Gehenna {rC+ MR+
                  | Dex-3 Stlth+} (You found it on level 1 of the Lair of
                  | Beasts)
 11891 | Lair:1   | Received a gift from Okawaru
 12012 | Lair:2   | Reached skill level 14 in Unarmed Combat
 12280 | Lair:2   | Reached XP level 13. HP: 94/107 MP: 18/18
 12628 | Lair:3   | Found a shimmering altar of Xom.
 13003 | Lair:3   | Reached skill level 10 in Dodging
 13097 | Lair:3   | Received a gift from Okawaru
 13142 | Lair:3   | Reached skill level 10 in Armour
 13893 | Lair:3   | Found a staircase to the Shoals.
 14110 | Lair:4   | Found a hole to the Spider Nest.
 14113 | Lair:4   | Reached skill level 15 in Unarmed Combat
 14201 | Lair:4   | Noticed Nessos
 14212 | Lair:4   | Killed Nessos
 14368 | Lair:4   | Reached XP level 14. HP: 97/115 MP: 17/19
 14810 | Lair:4   | Received a gift from Okawaru
 15197 | Lair:5   | Found a staircase to the Slime Pits.
 15539 | Lair:5   | Found a burning altar of Makhleb.
 15723 | Lair:5   | Received a gift from Okawaru
 16271 | Lair:6   | Entered Level 6 of the Lair of Beasts
 16758 | Lair:6   | Reached skill level 16 in Unarmed Combat
 16785 | Lair:6   | Received a gift from Okawaru
 16786 | Lair:6   | Got a slimy hat {god gift}
 16897 | Lair:6   | Identified the +2 hat of Happiness {rF+} (Okawaru gifted it
                  | to you on level 6 of the Lair of Beasts)
 16994 | Lair:6   | Reached skill level 1 in Shields
 17380 | Lair:6   | Found an iron altar of Okawaru.
 17600 | Lair:6   | Reached XP level 15. HP: 110/121 MP: 20/20
 17797 | Lair:6   | Received a gift from Okawaru
 18104 | Lair:6   | Reached skill level 5 in Shields
 18344 | Orc:1    | Entered Level 1 of the Orcish Mines
 18529 | Orc:1    | Reached skill level 17 in Unarmed Combat
 18703 | Orc:2    | Entered Level 2 of the Orcish Mines
 18837 | Orc:2    | Found a staircase to the Elven Halls.
 18865 | Orc:2    | Paralysed by an ogre mage for 6 turns
 18867 | Orc:2    | HP: 1/121 [two-headed ogre/+0 giant spiked club (12)]
 18868 | Orc:2    | Mangled by a two-headed ogre

Levels and vault maps discovered:
D:1:      dpeg_arrival_long_road, layout_rooms, minmay_tree_intersection
D:2:      layout_rooms, nicolae_overflow_hidden_temple, marbit_many_paths,
          tgw_trog
D:3:      layout_basic, evilmike_ruin_ashenzari, hangedman_feature_mirror
D:4:      layout_rooms, xom_butterflies, first_ration, tgw_kikubaaqudgha,
          uniq_pikel
D:5:      layout_rooms, kennysheep_little_box, serial_shops, shop
D:6:      layout_loops_ring, kennysheep_okawaru_gauntlet,
          gammafunk_temple_overflow_claw, grunt_qazlal_sundering, serial_shops,
          nicolae_shop_crystal
D:7:      layout_basic, minmay_temple_entry_from_below_a, serial_shops, shop,
          uniq_prince_ribbit1, uniq_duvessa
D:8:      layout_basic, ebering_ghost_xom, serial_glass, glass_columns_b,
          glass_columns_b, uniq_grum
D:9:      layout_roguey [special_room_bee], slow_altar_1, serial_shops,
          kennysheep_mini
D:10:     layout_basic, minmay_lair_entry_grove, the_bakery
D:11:     old_forge, layout_basic, zombieorc2_lemuel,
          nicolae_gozag_zags_fifth_avenue, uniq_erica, uniq_josephine,
          uniq_fannar
Lair:1:   layout_hall_layers, gauntlet_entry_generic, grunt_megastairs_5,
          uniq_gastronok
Lair:2:   layout_misc_corridors
Lair:3:   layout_gridlike, minmay_shoals_entry_lonely_mermaid, basic_altar
Lair:4:   layout_roguey, nicolae_spider_entry_non_spiders, uniq_nessos
Lair:5:   statuecave_lemuel, layout_loops_ring, minmay_slime_entry_jelly_boxes,
          wad_woods_road_01, lemuel_centaur_altar
Lair:6:   minmay_lair_end_enchanted_forest, layout_regular_city, basic_altar,
          grunt_forest_large_clearings
Orc:1:    layout_diamond_mine
Orc:2:    grunt_orc_gardens, layout_caves, grunt_orc_garden, grunt_orc_garden,
          grunt_orc_garden, grunt_orc_garden, basic_altar,
          lightli_volcano_entry_magma_tube, serial_shops, shop, mines1_david,
          uniq_erolcha

Skill      XL: |  1  2  3  4  5  6  7  8  9 10 11 12 13 14 15 |
---------------+----------------------------------------------+-----
Unarmed Combat | 4 5 6 7 9 10 11 12 13 14 15 16 17 | 17.0
Dodging        | 4 5 6 8 9 11 12 | 12.0
Armour         | 2 4 6 7 9 10 11 | 11.5
Fighting       | 4 5 8 |  8.0
Invocations    | 1 4 6 8 |  8.0
Shields        | 3 5 |  5.4
Stealth        | |  2.2

Action                   |  1- 3 |  4- 6 |  7- 9 | 10-12 | 13-15 || total
-------------------------+-------+-------+-------+-------+-------++-------
Melee: Unarmed           |   124 |   194 |   390 |   947 |  1347 ||  3002
       Punch             |     2 |     7 |    12 |    46 |    60 ||   127
Invok: Heroism           |       |       |     3 |    12 |    13 ||    28
       Finesse           |       |       |       |     1 |     7 ||     8
Evoke: Wand              |       |       |       |     1 |       ||     1
  Use: Scroll            |     2 |     8 |     7 |     6 |     5 ||    28
       Potion            |       |       |       |     1 |       ||     1
 Stab: Sleeping          |     2 |       |       |       |       ||     2
  Eat: Chunk             |    10 |     8 |    22 |   107 |   122 ||   269
Armor: Robe              |    25 |     4 |       |       |       ||    29
       Plate armour      |       |   131 |   260 |   503 |   609 ||  1503
Dodge: Dodged            |    82 |    41 |    99 |   367 |   693 ||  1282
Block: Buckler           |       |       |       |       |   134 ||   134

Table legend:
 A = Non-vault XP
 B = Vault XP
 C = Vault XP percentage of total XP
 D = Non-vault monster count
 E = Vault monster count
 F = Vault count percentage of total count
                 A         B        C        D         E       F
            +---------+---------+-------+---------+---------+-------
      Total |   65992 |   32222 |  32.8 |     418 |     231 |  35.6
            +---------+---------+-------+---------+---------+-------
        D:1 |      40 |       0 |   0.0 |      22 |       0 |   0.0
        D:2 |      54 |      19 |  26.0 |      22 |       6 |  21.4
        D:3 |     319 |     698 |  68.6 |      27 |       7 |  20.6
        D:4 |     303 |       0 |   0.0 |      18 |       0 |   0.0
        D:5 |     408 |       0 |   0.0 |      16 |       0 |   0.0
        D:6 |    1500 |       0 |   0.0 |      32 |       0 |   0.0
        D:7 |     216 |     484 |  69.1 |       9 |       3 |  25.0
        D:8 |    1565 |     645 |  29.2 |      22 |       5 |  18.5
        D:9 |    2011 |    3818 |  65.5 |      21 |      39 |  65.0
       D:10 |    3131 |     417 |  11.8 |      39 |       2 |   4.9
       D:11 |    2378 |    5260 |  68.9 |      14 |      56 |  80.0
     Lair:1 |    3701 |    3616 |  49.4 |      15 |       7 |  31.8
     Lair:2 |    2148 |       0 |   0.0 |      11 |       0 |   0.0
     Lair:3 |   13592 |     474 |   3.4 |      25 |       1 |   3.8
     Lair:4 |    9524 |    1459 |  13.3 |      24 |       9 |  27.3
     Lair:5 |    5173 |     900 |  14.8 |      19 |      17 |  47.2
     Lair:6 |   16146 |   14432 |  47.2 |      49 |      79 |  61.7
      Orc:1 |    2106 |       0 |   0.0 |      21 |       0 |   0.0
      Orc:2 |    1677 |       0 |   0.0 |      12 |       0 |   0.0
            +---------+---------+-------+---------+---------+-------
